Unix NetHack Version 5.0.0-0 post-release - last build May  4 2026 22:22:43 (774f63e81ad911689b3a0859ea89b322d5daca8d,branch:main).

Game began 2026-05-06 08:20:32, ended 2026-05-06 09:18:02.

BSL2425737, lawful female dwarven Valkyrie

   ---------------      ------------     ############           --------------
   |.............|      |..........|       ---------##          |............|
   |.............|      |..........|       |........##          |............|
   |..k..........|      |...........#######........|`###########-.....<.....(|
   |.............-######-..........|       |.......|            |............|
   -----------.---      -.----------       |....>..|            --------------
          #####          ##                |.......|
          #               #                |.......|
          #               #                ---------
       ####        #      ##
       #           #####   ######                       ------
       #          -----.--------.-          ---         |.....#
    ---|---       |..............|         --.--  ######.....|###
    |.....|     ##...............-#       --{&.-- #     |....|  ##      ##
    |.....|     # |..............|#######e-...@.-##     ------   ##------.-
    |.....|###### |..............|        --...--                 #|......|
    -------       ----------------         --.--                  #|%.....|
                                            ---                   #-......|
                                                                   --.-----
                                                                     #
BSL2425737 the Stripling    St:18 Dx:13 Co:15 In:9 Wi:9 Ch:9  Lawful
Dlvl:3  $:27 HP:0(22) Pw:4(4) AC:6  Xp:2 T:1041 

Latest messages:
 You don't have that object.
 What do you want to wield? [- abjo or ?*] <space>
 Never mind.
 What do you want to wield? [- abjo or ?*] -
 Your 5 darts are welded to your hand!
 The '-' prefix should be followed by a movement command.
 What do you want to throw? [$abj or ?*] *
 What do you want to throw? [$abj or ?*] <space>
 Never mind.
 Are you sure you want to pray? [yn] (n) y
 You begin praying to Tyr.
 You are surrounded by a shimmering light.
 You finish your prayer.
 You feel that Tyr is well-pleased.
 Are you sure you want to pray? [yn] (n) y
 You begin praying to Tyr.
 You finish your prayer.
 The voice of Tyr rings out: 
 "Thou art arrogant, mortal."
 "Thou must relearn thy lessons!"
 You feel foolish!
 Farvel level 3.
 You feel less stealthy!
 Your brown mold corpse rots away.
 You hear water falling on coins.
 In what direction? 8
 Ouch!  That hurts!
 Drink from the fountain? [yn] (n) y
 You unleash a water demon!
 The water demon hits!
 The water demon hits!
 The water demon bites!
 You begin bashing monsters with your darts.
 You miss the water demon.
 The water demon hits!
 The water demon hits!
 The water demon bites!
 You miss the water demon.
 The water demon hits!
 The water demon hits!
 The water demon bites!
 Your leg feels better.
 The water demon hits!
 The water demon hits!
 You die...
 Do you want your possessions identified? [ynq] (y) y
 Do you want to see your attributes? [ynq] (y) y
 Do you want an account of creatures vanquished? [ynaq] (y) y
 Do you want to see your conduct and achievements? [ynq] (y) y
 Do you want to see the dungeon overview? [ynq] (y) y

Inventory:
 Coins    ('$')
  $ - 27 gold pieces
 Weapons  (')')
  o - 5 cursed -3 darts (wielded)
  b - a +0 dagger (alternate weapon; not wielded)
  a - a +1 dwarvish spear
  j - a +0 orcish dagger
 Armor    ('[')
  f - a blessed +1 orcish helm
  i - an uncursed corroded +0 orcish helm
  c - a blessed +3 small shield (being worn)
 Comestibles  ('%')
  s - an uncursed egg
 Scrolls  ('?')
  n - an uncursed scroll of teleportation
 Potions  ('!')
  t - an uncursed potion of booze
  h - an uncursed potion of restore ability
  k - an uncursed potion of sickness
 Gems/Stones  ('*')
  q - an uncursed agate stone

BSL2425737 the Valkyrie's attributes:

Background:
 You were a Stripling, a level 2 dwarven Valkyrie.
 You were lawful, on a mission for Tyr
 who was opposed by Odin (neutral) and Loki (chaotic).
 You were right-handed.
 You were in the Dungeons of Doom, on level 3.
 You entered the dungeon 1041 turns ago.
 You had 39 experience points, 1 more was needed to attain level 3.

Basics:
 You had 0 out of 22 hit points.
 You had all 4 energy points (spell power).
 Your armor class was 6.
 Your wallet contained 27 zorkmids.
 Autopickup was off.

Final Characteristics:
 Your strength was 18 (limit:18/100).
 Your dexterity was 13 (limit:20).
 Your constitution was 15 (limit:20).
 Your intelligence was 9 (limit:16).
 Your wisdom was 9 (peak:10, limit:16).
 Your charisma was 9 (limit:16).

Final Status:
 You weren't hungry.
 You were unencumbered.
 You were wielding darts.
 You had no skill with dart.

Final Attributes:
 You were devoutly aligned.
 You were cold resistant.
 You had infravision.
 You were unlucky.
 Tyr was angry with you.
 You are dead.

Miscellaneous:
 You didn't encounter any bones levels.
 Total elapsed playing time was 52 minutes and 27 seconds.

Major events:
 Turn
    1: BSL2425737 the lawful dwarven Valkyrie entered the dungeon
  765: attained the rank of Skirmisher (level 3)
 1041: killed by a water demon

You didn't know any spells.

Skills:
 Fighting Skills
   bare handed combat [Unskilled]
   two weapon combat  [Unskilled]
   riding             [Unskilled]
 Weapon Skills
   dagger             [Basic]
   axe                [Unskilled]
   pick-axe           [Unskilled]
   short sword        [Unskilled]
   broadsword         [Unskilled]
   long sword         [Unskilled]
   two-handed sword   [Unskilled]
   saber              [Unskilled]
   hammer             [Unskilled]
   quarterstaff       [Unskilled]
   polearms           [Unskilled]
   spear              [Basic]
   trident            [Unskilled]
   lance              [Unskilled]
   sling              [Unskilled]
 Spellcasting Skills
   attack spells      [Unskilled]
   escape spells      [Unskilled]

Voluntary challenges:
 Character rerolling was not enabled.
 You followed a strict vegan diet.
 You were illiterate.
 You never genocided any monsters.
 You never polymorphed an object.
 You never changed form.
 You used no wishes.
Achievement:
 You attained the rank of Skirmisher.

 The Dungeons of Doom: levels 1 to 3
    Level 1:
       Some fountains.
    Level 2:
       A fountain.
    Level 3: <- You were here.
       A fountain.
       Final resting place for
          you, killed by a water demon.


Vanquished creatures:
 an acid blob
  a brown mold
  a yellow mold
  2 geckos
  5 jackals
  a fox
  a kobold
  3 goblins
  a grid bug
  a lichen
  a newt
18 creatures vanquished.

No species were genocided or became extinct.

Game over:
                       ----------
                      /          \
                     /    REST    \
                    /      IN      \
                   /     PEACE      \
                  /                  \
                  |    BSL2425737    |
                  |      27 Au       |
                  |   killed by a    |
                  |   water demon    |
                  |                  |
                  |                  |
                  |       2026       |
                 *|     *  *  *      | *
        _________)/\\_//(\/(/\)/\//\/|_)_______

Farvel BSL2425737 the Valkyrie...

You died in The Dungeons of Doom on dungeon level 3 with 341 points,
and 27 pieces of gold, after 1041 moves.
You were level 2 with a maximum of 22 hit points when you died.

